 Dungeon Crawl Stone Soup version 0.21-a0-140-g479285b (webtiles) character file.

0 drasked the Skirmisher (level 1, 4/19 HPs)
             Began as a Hill Orc Monk on July 22, 2017.
             Quit the game on level 1 of the Dungeon.
             The game lasted 00:00:44 (14 turns).

drasked the Skirmisher (Hill Orc Monk)                Turns: 14, Time: 00:00:44

Health: 4/19       AC:  2    Str: 13    XL:     1   Next: 10%
Magic:  1/1        EV: 13    Int: 10    God:
Gold:   0          SH:  0    Dex: 13    Spells: 0/0 levels left

rFire    . . .     SeeInvis .   d - -1 dagger (curse)
rCold    . . .     Gourm    .   (no shield)
rNeg     . . .     Faith    .   b - +0 robe
rPois    .         Spirit   .   (no helmet)
rElec    .         Reflect  .   (no cloak)
rCorr    .         Harm     .   (no gloves)
MR       .....                  (no boots)
Stlth    ++........             (no amulet)
HPRegen  0.06/turn              (no ring)
MPRegen  0.07/turn              (no ring)

@: no status effects
A: no striking features
a: no special abilities


You were on level 1 of the Dungeon.
You were not hungry.

You visited 1 branch of the dungeon, and saw 1 of its levels.

Inventory:

Hand Weapons
 a - a +0 mace
 d - a cursed -1 dagger (weapon)
   (You took it off a kobold on level 1 of the Dungeon)
Armour
 b - a +0 robe (worn)
Comestibles
 c - a bread ration {@e1}


   Skills:
 + Level 3.6 Fighting
 * Level 3.3 Maces & Flails
 + Level 0.0 Armour
 - Level 2.4 Dodging
 - Level 1.5 Stealth


You couldn't memorise any spells.
You didn't know any spells.

Dungeon Overview and Level Annotations

Branches:
Dungeon (1/15)

Altars:


Message History

Welcome, drasked the Hill Orc Monk.
Will you be the one to retrieve the fabulous Orb of Zot from the depths?
Found a staircase leading out of the dungeon.
A kobold comes into view. It is wielding an enchanted dagger.
The kobold shouts!
The kobold throws a stone.
The stone barely misses you.
The kobold hits you with an enchanted dagger.
You take 3 damage, and have 16/19 hp.
You hit the kobold.
The kobold hits you with an enchanted dagger.
You take 4 damage, and have 12/19 hp.
MASSIVE DAMAGE!!
You hit the kobold but do no damage.
The kobold hits you with an enchanted dagger.
You take 4 damage, and have 8/19 hp.
MASSIVE DAMAGE!!
You closely miss the kobold. The kobold misses you.
You miss the kobold. The kobold completely misses you.
The kobold closely misses you.
You completely miss the kobold.
The kobold hits you with an enchanted dagger.
* * * LOW HITPOINT WARNING * * *
You take 4 damage, and have 4/19 hp.
MASSIVE DAMAGE!!
You hit the kobold.
You kill the kobold!
Things that are here:
an enchanted dagger; 2 stones; a kobold corpse
d - an enchanted dagger Wield which item (- for none, * to show all)? (? for menu, Esc to quit)
It sticks to your hand!
d - a cursed -1 dagger (weapon)
Unknown command.
Okay, then.

########
#....#<#
#..## ##.(#
.. ###..#
#..####...##
#.......#.#
##.###@####
#..# ##..#
#... ####


There were no monsters in sight!

Vanquished Creatures
  A kobold (D:1)
1 creature vanquished.

Notes
Turn   | Place    | Note
-------+----------+-------------------------------------------
     0 | D:1      | drasked the Hill Orc Monk began the quest for the Orb.
     0 | D:1      | Reached XP level 1. HP: 19/19 MP: 1/1
     9 | D:1      | HP: 4/19 [kobold/enchanted dagger (4)]
    14 | D:1      | Quit the game

Vault maps used:
D:1:      dpeg_arrival_round_a, minmay_vboxes

Action                   || total
-------------------------++-------
Melee: Mace              ||     6
Dodge: Dodged            ||     4

Vault maps used:
D:1:      dpeg_arrival_round_a, minmay_vboxes

Table legend:
 A = Turns spent in this place as a percentage of turns spent in the entire game.
 B = Non-inter-level travel turns spent in this place as a percentage of non-inter-level travel turns spent in the entire game.
 C = Inter-level travel turns spent in this place as a percentage of turns spent in this place.
 D = Turns resting spent in this place as a percentage of non-inter-level travel turns spent in this place.
 E = Turns spent auto-exploring this place as a percentage of non-inter-level travel turns spent in this place.
 F = Non-inter-level travel turns spent in this place divided by the number of levels of this place that you've seen.
                   A       B       C       D       E      F
               +-------+-------+-------+-------+-------+----------------------
         Total | 100.0 | 100.0 |   0.0 |   0.0 |   5.9 |  17.0
       Dungeon | 100.0 | 100.0 |   0.0 |   0.0 |   5.9 |  17.0
               +-------+-------+-------+-------+-------+----------------------

Table legend:
 A = Kills in this place as a percentage of kills in entire the game.
 B = Kills by you in this place as a percentage of kills by you in the entire game.
 C = Kills by friends in this place as a percentage of kills by friends in the entire game.
 D = Other kills in this place as a percentage of other kills in the entire game.
 E = Experience gained in this place as a percentage of experience gained in the entire game.
 F = Experience gained in this place divided by the number of levels of this place that you have seen.
                   A       B       C       D       E      F
               +-------+-------+-------+-------+-------+----------------------
         Total | 100.0 | 100.0 |  -nan |  -nan | 100.0 |   1.0
       Dungeon | 100.0 | 100.0 |  -nan |  -nan | 100.0 |   1.0
               +-------+-------+-------+-------+-------+----------------------
